 Dungeon Crawl Stone Soup version 0.22-a0-538-g76cc104 (webtiles) character file.

125 jamsan the Skirmisher (level 4, 0/41 HPs)
             Began as a Minotaur Fighter on June 23, 2018.
             Killed by divine providence
             ... invoked by an orc priest
              (13 damage)
             ... on level 3 of the Dungeon.
             The game lasted 00:03:53 (1529 turns).

jamsan the Skirmisher (Minotaur Fighter)            Turns: 1529, Time: 00:03:54

Health: 0/41       AC:  8    Str: 21    XL:     4   Next: 82%
Magic:  3/3        EV:  7    Int:  5    God:
Gold:   175        SH:  9    Dex: 10    Spells: 3/3 levels left

rFire    . . .     SeeInvis .   a - +0 war axe
rCold    . . .     Gourm    .   c - +0 shield
rNeg     . . .     Faith    .   b - +0 scale mail
rPois    .         Spirit   .   (helmet restricted)
rElec    .         Reflect  .   (no cloak)
rCorr    .         Harm     .   o - +0 pair of gloves
MR       +....                  (no boots)
Stlth    ..........             (no amulet)
HPRegen  0.13/turn              r - ring of protection from magic
MPRegen  0.08/turn              (no ring)

@: drained
A: retaliatory headbutt, horns 2
a: no special abilities


You were on level 3 of the Dungeon.
You were not hungry.

You visited 1 branch of the dungeon, and saw 3 of its levels.

You collected 175 gold pieces.

Inventory:

Hand Weapons
 a - a +0 war axe (weapon)
Armour
 b - a +0 scale mail (worn)
 c - a +0 shield (worn)
 o - a +0 pair of gloves (worn)
Jewellery
 r - a ring of protection from magic (left hand)
Scrolls
 e - 2 scrolls of teleportation {unknown}
 g - a scroll of identify {unknown}
 k - a scroll of immolation {unknown}
 l - a scroll of enchant armour {unknown}
 n - a scroll of amnesia {unknown}
 q - a scroll of magic mapping {unknown}
Potions
 d - 2 potions of might
 h - 2 potions of heal wounds {unknown}
 j - 2 potions of curing {unknown}
 m - a potion of haste {unknown}
 p - a potion of flight {unknown}
Comestibles
 f - 5 rations
 i - 3 chunks of flesh


   Skills:
 + Level 4.5(4.1) Fighting
 + Level 3.7(3.3) Axes
 + Level 4.5(4.1) Armour
 + Level 4.5(4.1) Shields


You had 3 spell levels left.
You didn't know any spells.
Your spell library was empty.

Dungeon Overview and Level Annotations

Branches:
Dungeon (3/15)

Altars:
Okawaru

Annotations:
D:3 2 transporters


Innate Abilities, Weirdness & Mutations

You reflexively headbutt those who attack you in melee.
You have a pair of horns on your head.


Message History

The orc is heavily wounded.
The orc hits you with a dagger.
You hit the orc.
You kill the orc!
You hit the orc.
The orc priest calls down the wrath of Beogh upon you.
Beogh smites you! You block the orc's attack. The orc hits you with a flail.
The orc hits you but does no damage.
You are too injured to fight recklessly!
You are too injured to fight recklessly!
You are too injured to fight recklessly!
Your scale mail prevents you from hitting the orc.
You headbutt the orc.
The orc is severely wounded.
You slash the orc!
You kill the orc!
The orc hits you but does no damage.
The orc priest mumbles some strange prayers to Beogh against you.
Beogh smites you!
You die...

........#####
#.......#8P#≈≈≈≈≈≈;#P8
.......#..#.......#..
!....©#©)+...⌠...+/©
..o..#..#.......#.$
....#8P#;≈≈≈≈≈;#P8 #
##o).############## .#.
##.@................
....#...................
#..!.........#######..#### ##.
##.....#...##.# ##.## .....
#........#.# .# #..###
.....##....##.##.## . ##...<
..............##..#### ##.[.
..............###....# .####....
............<......#.##..........


You could see an electric eel, an orc priest and an orc.

Vanquished Creatures
  Jessica (D:2)
  3 adders (D:2)
  A worm (D:3)
  A dart slug (D:2)
  A leopard gecko (D:3)
  2 orcs (D:3)
  4 bats
  6 giant cockroaches
  6 goblins
  10 hobgoblins
  13 kobolds
  A quokka (D:3)
  A ball python (D:1)
  4 frilled lizards
  8 rats
62 creatures vanquished.

Notes
Turn   | Place    | Note
-------+----------+-------------------------------------------
     0 | D:1      | jamsan the Minotaur Fighter began the quest for the Orb.
     0 | D:1      | Reached XP level 1. HP: 19/19 MP: 0/0
   241 | D:1      | Reached XP level 2. HP: 26/27 MP: 1/1
   769 | D:2      | Reached XP level 3. HP: 33/33 MP: 2/2
   870 | D:2      | Found an iron altar of Okawaru.
  1092 | D:2      | Found a faded altar of an unknown god.
  1098 | D:2      | Reached XP level 4. HP: 40/40 MP: 3/3
  1271 | D:2      | Noticed Jessica
  1277 | D:2      | Killed Jessica
  1388 | D:3      | Found a transporter.
  1389 | D:3      | Found a transporter.
  1529 | D:3      | Killed from afar by an orc priest

Vault maps used:
D:1:      dpeg_arrival_round_b, dk_noncrumbling_2, minivault_26
D:2:      chequers_ecumenical_altar_simple, okawaru_metal_pillars_1_2,
          uniq_jessica
D:3:      gammafunk_steamed_eel

Skill      XL: |  1  2 |
---------------+-------+-----
Shields        | 4 |  4.5
Fighting       | 4 |  4.5
Armour         | 4 |  4.5
Axes           | 3 |  3.7

Action                   |  1- 3 |  4- 6 || total
-------------------------+-------+-------++-------
Melee: War axe           |    96 |    47 ||   143
       Headbutt          |     8 |     7 ||    15
  Eat: Chunk             |     1 |     1 ||     2
Armor: Scale mail        |    43 |    21 ||    64
Dodge: Dodged            |    42 |     7 ||    49
Block: Shield            |    67 |    24 ||    91

Table legend:
 A = Spawn XP
 B = Non-spawn XP
 C = Spawn XP percentage of total XP
 D = Spawn monster count
 E = Non-spawn monster count
 F = Spawn count percentage of total count
 G = Total turns spent on level
                    A         B        C        D         E        F      G
               +---------+---------+-------+---------+---------+-------+---------
         Total |       0 |     179 |   0.0 |       0 |      62 |   0.0 |  1529
               +---------+---------+-------+---------+---------+-------+---------
           D:1 |       0 |      37 |   0.0 |       0 |      24 |   0.0 |   733
           D:2 |       0 |     111 |   0.0 |       0 |      24 |   0.0 |   646
           D:3 |       0 |      31 |   0.0 |       0 |      14 |   0.0 |   150
               +---------+---------+-------+---------+---------+-------+---------
